 Dungeon Crawl Stone Soup version 0.21-a0-426-g98080a9 (webtiles) character file.

1743 Laiders the Basher (level 8, -8/68 HPs)
             Began as a Deep Dwarf Fighter on Nov 7, 2017.
             Mangled by an ogre
             ... wielding a +0 giant club
              (14 damage)
             ... on level 7 of the Dungeon.
             The game lasted 00:13:58 (4640 turns).

Laiders the Basher (Deep Dwarf Fighter)             Turns: 4640, Time: 00:13:59

Health: -8/68      AC: 11    Str: 21    XL:     8   Next: 77%
Magic:  2/2        EV:  5    Int: 10    God:
Gold:   315        SH:  9    Dex: 12    Spells: 7/7 levels left

rFire    . . .     SeeInvis .   h - +2 morningstar (drain)
rCold    . . .     Gourm    .   c - +0 shield
rNeg     . . .     Faith    .   G - +0 chain mail
rPois    +         Spirit   .   (no helmet)
rElec    .         Reflect  .   y - +0 cloak
rCorr    .         Harm     .   z - +0 pair of gloves
MR       +....                  (no boots)
Stlth    ..........             (no amulet)
HPRegen  0.00/turn              i - ring of poison resistance
MPRegen  0.08/turn              a - ring of loudness (curse)

@: non-regenerating, drained
A: damage resistance, heal wounds, sense surroundings 1, no regeneration
a: Heal Wounds


You were on level 7 of the Dungeon.
You were very hungry.

You visited 1 branch of the dungeon, and saw 7 of its levels.

You collected 315 gold pieces.

Inventory:

Hand Weapons
 h - a +2 morningstar of draining (weapon)
Missiles
 x - 3 throwing nets (quivered)
 C - 10 tomahawks
Armour
 c - a +0 shield (worn)
 m - a +0 helmet of intelligence
 y - a +0 cloak (worn)
 z - a +0 pair of gloves (worn)
 G - a +0 chain mail (worn)
Jewellery
 a - a cursed ring of loudness (right hand)
 i - a ring of poison resistance (left hand)
 A - an uncursed ring of resist corrosion {unknown}
Wands
 t - a wand of disintegration (6/24)
 D - a wand of acid (15/15)
 F - a wand of confusion (16/48)
Scrolls
 l - 4 scrolls of teleportation
 p - 2 scrolls of fog
 E - a scroll of remove curse {unknown}
Potions
 d - 2 potions of might
 e - a potion of brilliance {unknown}
 g - 2 potions of mutation
 k - 4 potions of haste
 n - a potion of invisibility {unknown}
 o - a potion of agility {unknown}
 r - a potion of magic {unknown}
 s - 3 potions of heal wounds
 u - 5 potions of curing
 v - 4 potions of flight
 w - 2 potions of resistance
 B - 2 potions of lignification {unknown}
Comestibles
 f - 4 bread rations
 j - 4 royal jellies
 q - 2 meat rations


   Skills:
 - Level 2.6(2.2) Fighting
 + Level 11.3(10.8) Maces & Flails
 - Level 3.2(2.8) Armour
 - Level 3.2(2.8) Shields


You had 7 spell levels left.
You didn't know any spells.

Dungeon Overview and Level Annotations

Branches:
Dungeon (7/15)
 Temple: D:4-7

Altars:
Ashenzari
Cheibriados
Gozag
Qazlal
Trog
Uskayaw
Wu Jian
The Shining One


Innate Abilities, Weirdness & Mutations

You are resistant to damage.
You can heal yourself by infusing magical energy.
You passively map a small area around you.
You do not regenerate.


Message History

You destroy the wight!
Things that are here:
a flail; a robe
Things that are here:
an enchanted great sword; a robe
Things that are here:
an enchanted hand axe; a robe
Things that are here:
an enchanted great sword; a robe
Things that are here:
a flail; a robe An ogre comes into view.
It is wielding a giant club.
The ogre shouts!
Your shield and chain mail prevent you from hitting the ogre.
The ogre hits you with a giant club!!
* * * LOW HITPOINT WARNING * * *
You bludgeon the ogre!!
The ogre is almost dead.
The ogre hits you with a giant club!
You die...

, #..≈ ≈...
,, #..≈* ,
≈).#
#..≈#####≈.#*
,,
#..≈≈≈≈≈≈≈.#
*
#..........#
, * * , ,,
#))#..# , ,
#<)..#* , * *
###..### *
##..@# ,
###O# * ,*
#.# * * *
#..* * * *
.... , * *
##... * ####
* * ,


You could see an ogre.

Vanquished Creatures
  An orc warrior (D:6)
  2 sky beasts (D:5)
  2 ice beasts (D:6)
  2 ogres
  A bullfrog (D:6)
  3 scorpions
  3 wights (D:7)
  2 howler monkeys
  A bullfrog zombie (D:5)
  2 hounds
  2 orc priests
  5 orc wizards
  3 worker ants
  A hound skeleton (D:4)
  11 gnolls
  10 adders
  5 worms
  2 dart slugs
  3 leopard geckos
  20 orcs
  A ball python (D:2)
  7 bats
  5 giant cockroaches
  9 hobgoblins
  4 jackals (D:6)
  7 kobolds
  3 quokkas
  4 frilled lizards
  6 goblins
  11 rats
138 creatures vanquished.

Notes
Turn   | Place    | Note
-------+----------+-------------------------------------------
     0 | D:1      | Laiders the Deep Dwarf Fighter began the quest for the Orb.
     0 | D:1      | Reached XP level 1. HP: 20/20 MP: 1/1
   223 | D:1      | Reached XP level 2. HP: 17/27 MP: 2/2
   300 | D:1      | Reached skill level 3 in Maces & Flails
   681 | D:2      | Reached XP level 3. HP: 30/33 MP: 3/3
   833 | D:2      | Reached skill level 4 in Maces & Flails
   873 | D:2      | Reached XP level 4. HP: 38/40 MP: 3/3
   942 | D:2      | Found a faded altar of an unknown god.
   974 | D:2      | Reached skill level 5 in Maces & Flails
   981 | D:2      | Reached XP level 5. HP: 22/46 MP: 3/3
  1443 | D:2      | Reached skill level 6 in Maces & Flails
  2491 | D:4      | Noticed an ogre
  2505 | D:4      | Killed an ogre
  2505 | D:4      | Reached XP level 6. HP: 24/55 MP: 3/3
  2574 | D:4      | Reached skill level 7 in Maces & Flails
  2717 | D:4      | Reached XP level 7. HP: 17/61 MP: 4/4
  2853 | D:4      | Found a snail-covered altar of Cheibriados.
  2979 | D:4      | Found an opulent altar of Gozag.
  3125 | D:4      | Reached skill level 8 in Maces & Flails
  3329 | D:5      | Entered Level 5 of the Dungeon
  3348 | D:5      | Noticed a moth of wrath
  3572 | D:5      | Found a hide-covered altar of Uskayaw.
  3575 | D:5      | Found a shattered altar of Ashenzari.
  3575 | D:5      | Found a stormy altar of Qazlal.
  3586 | D:5      | Reached skill level 9 in Maces & Flails
  3869 | D:5      | Found a bloodstained altar of Trog.
  4002 | D:5      | Reached XP level 8. HP: 26/68 MP: 4/4
  4112 | D:6      | Reached skill level 10 in Maces & Flails
  4140 | D:6      | Found a stormy altar of Qazlal.
  4262 | D:6      | Found a glowing golden altar of the Shining One.
  4359 | D:6      | HP: 2/68 [orc warrior/battleaxe (12)]
  4376 | D:6      | Reached skill level 11 in Maces & Flails
  4416 | D:6      | Found an ornate altar of the Wu Jian Council.
  4640 | D:7      | Mangled by an ogre

Vault maps used:
D:1:      ncdulo_watergridlock
D:2:      minmay_diamond_boxcup, chequers_ecumenical_altar_simple,
          grunt_ministairs_1, item_on_display_b
D:4:      kennysheep_slug_shrine, kennysheep_mini_moat
D:5:      grunt_temple_overflow_open, tgw_trog, first_bread
D:6:      lemuel_crystal_altar, lemuel_round_altar,
          nicolae_qazlal_eye_of_the_storm
D:7:      makhleb_altar_promises_db, lemuel_temple_firewalk_b, serial_shops,
          nicolae_shop_trees, enter_bailey_3, grunt_ogre_cave

Skill      XL: |  1  2  3  4  5  6  7  8 |
---------------+-------------------------+-----
Maces & Flails | 3 4 5 6 7 9 11 | 11.3
Fighting       | |  2.6
Armour         | |  3.2
Shields        | |  3.2

Action                   |  1- 3 |  4- 6 |  7- 9 || total
-------------------------+-------+-------+-------++-------
Melee: Flail             |   134 |   259 |    92 ||   485
       Morningstar       |       |       |   120 ||   120
 Abil: Heal Wounds       |     3 |     5 |     9 ||    17
  Use: Scroll            |     1 |     6 |    10 ||    17
  Eat: Chunk             |       |     6 |     6 ||    12
Armor: Scale mail        |    85 |   149 |    61 ||   295
       Chain mail        |       |       |    11 ||    11
Dodge: Dodged            |    39 |   115 |    53 ||   207
Block: Shield            |    95 |   175 |   100 ||   370

Table legend:
 A = Spawn XP
 B = Non-spawn XP
 C = Spawn XP percentage of total XP
 D = Spawn monster count
 E = Non-spawn monster count
 F = Spawn count percentage of total count
 G = Total turns spent on level
                    A         B        C        D         E        F      G
               +---------+---------+-------+---------+---------+-------+---------
         Total |       0 |    2490 |   0.0 |       0 |     138 |   0.0 |  4640
               +---------+---------+-------+---------+---------+-------+---------
           D:1 |       0 |      38 |   0.0 |       0 |      17 |   0.0 |   664
           D:2 |       0 |     273 |   0.0 |       0 |      36 |   0.0 |   936
           D:3 |       0 |      20 |   0.0 |       0 |      10 |   0.0 |   831
           D:4 |       0 |     530 |   0.0 |       0 |      27 |   0.0 |   898
           D:5 |       0 |     619 |   0.0 |       0 |      26 |   0.0 |   730
           D:6 |       0 |     824 |   0.0 |       0 |      19 |   0.0 |   553
           D:7 |       0 |     186 |   0.0 |       0 |       3 |   0.0 |    28
               +---------+---------+-------+---------+---------+-------+---------
